 Dungeon Crawl Stone Soup version bcrawl-1.31 (webtiles) character file.

Game seed: 14161110040380182223

111238 Morbidden the Sneak (level 3, -2/36 HPs)
             Began as an Ent Archaeologist on Apr 7, 2021.
             Slain by a gnoll
             ... wielding a +0 halberd
              (8 damage)
             ... on level 2 of the Dungeon.
             The game lasted 00:01:28 (1237 turns).

Morbidden the Sneak (Ent Archaeologist)             Turns: 1237, Time: 00:01:29

Health: -2/36      AC: 11    Str: 18    XL:     3   Next: 25%
Magic:  3/3        EV: 10    Int: 15    God:
Gold:   60         SH:  0    Dex:  8    Spells: 2/2 levels left

rFire    . . .     SeeInvis .   a - +0 whip
rCold    . . .     Gourm    .   (no shield)
rNeg     + + +     Faith    .   (armour unavailable)
rPois    +         Spirit   .   c - +1 hat
rElec    .         Reflect  .   (no cloak)
rCorr    .         Harm     .   (gloves unavailable)
MR       .....                  (boots unavailable)
Stlth    ++........             (no amulet)
HPRegen  0.12/turn              (no ring)
MPRegen  0.08/turn              (no ring)

@: very slow
A: large, slow actions, passwall, strong branches, negative energy resistance 3,
poison resistance, slow metabolism 1, torment resistance, unbreathing, AC +10
a: Passwall


You were on level 2 of the Dungeon.
You were hungry.

You visited 1 branch of the dungeon, and saw 2 of its levels.

You collected 60 gold pieces.

Inventory:

Hand Weapons
 a - a +0 whip (weapon)
 b - a +0 blowgun
Missiles
 d - 6 curare-tipped needles
 l - 117 arrows
Armour
 c - a +1 hat (worn)
Scrolls
 g - a scroll of magic mapping
 i - 3 scrolls of identify
Miscellaneous
 f - a dusty tome
Comestibles
 e - 4 rations {!d}


   Skills:
 + Level 1.3 Fighting
 + Level 2.2 Maces & Flails
 + Level 3.3 Dodging
 + Level 4.0 Stealth


You had 2 spell levels left.
You didn't know any spells.
Your spell library was empty.

Dungeon Overview and Level Annotations

Branches:
Dungeon (2/12)

Altars:


Innate Abilities, Weirdness & Mutations

You move and act slowly.
You can pass through walls and trees.
Your branches can wield two-handed weapons with a shield.
Your thick bark is tough. (AC +10)
You are too large for most types of armour.
You are immune to negative energy. (rN+++)
Your system is resistant to poisons. (rPois)
You have a slow metabolism.
You are immune to unholy pain and torment.
You can survive without breathing.


Message History

You barely miss the jackal. The jackal barely misses you.
The jackal bites you but does no damage.
The gnoll hits you from afar with a +0 halberd!
* * * LOW HITPOINT WARNING * * *
The jackal barely misses you.
The jackal bites you but does no damage.
You closely miss the jackal. The jackal barely misses you.
The jackal bites you but does no damage.
The gnoll closely misses you.
The jackal bites you but does no damage.
The jackal barely misses you. The gnoll hits you but does no damage.
No path to travel!
You barely miss the jackal. The jackal misses you.
The jackal barely misses you. x3; The gnoll hits you but does no damage.
Unknown command.
You hit the jackal.
The jackal is heavily wounded.
The jackal barely misses you. The jackal closely misses you. x2
The gnoll hits you from afar with a +0 halberd!
You die...

#.......# ..
#.......# #.#
#.......# ..
#.....g.# #.##
#.......# ..#
#.......#######.##
#......g'r.g.gh..#
#.......########g#.#
#...........gh@hh..#
#........#######.#.#
########.# b...# #.#
#..... #.# #...#.#
#######.### #.......
.............#
###.#.g#
..########.#..<..#
....
...........#######


You could see 2 gnolls and 3 jackals.

Vanquished Creatures
  A dart slug (D:1)
  A leopard gecko (D:1)
  2 giant cockroaches (D:1)
  2 hobgoblins (D:1)
  A jackal (D:2)
  A quokka (D:1)
  6 bats (D:1)
  8 goblins
  7 kobolds
  5 rats (D:1)
34 creatures vanquished.

Notes
Turn   | Place    | Note
-------+----------+-------------------------------------------
     0 | D:1      | Morbidden the Ent Archaeologist began the quest for the
                  | Orb.
     0 | D:1      | Reached XP level 1. HP: 21/21 MP: 1/1
   108 | D:1      | Reached XP level 2. HP: 22/29 MP: 2/2
   314 | D:1      | Reached skill level 4 in Stealth
   499 | D:1      | Reached XP level 3. HP: 36/36 MP: 3/3
  1237 | D:2      | Slain by a gnoll

Skill      XL: |  1  2 |
---------------+-------+-----
Dodging        | 3 |  3.3
Stealth        | 4 |  4.0
Maces & Flails | 2 |  2.2
Fighting       | |  1.3

Action                   || total
-------------------------++-------
Melee: Whip              ||   158
  Use: Scroll            ||     1
       Potion            ||     1
 Stab: Sleeping          ||     1
  Eat: Chunk             ||     4
Armor: Skin              ||   185
Dodge: Dodged            ||   182
